 Dungeon Crawl Stone Soup version 0.19.5 (webtiles) character file.

828 sankara the Twirler (level 7, 0/60 (61) HPs)
             Began as a Minotaur Gladiator on Mar 12, 2017.
             Was a Follower of Ashenzari.
             Succumbed to a worker ant's poison
             ... on level 5 of the Dungeon.
             The game lasted 00:08:50 (3120 turns).

sankara the Twirler (Minotaur Gladiator)            Turns: 3120, Time: 00:08:51

HP:   0/60 (61)     AC: 11    Str: 21 (22) XL:     7   Next: 64%
MP:   6/6           EV: 10    Int:  3 (5)  God:    Ashenzari [*.....]
Gold: 164           SH:  0    Dex: 12 (14) Spells: 0 memorised, 6 levels left

rFire  . . .     SeeInvis .     a - +1 quarterstaff (curse)
rCold  . . .     Gourm    .     v - -2 chain mail (curse)
rNeg   . . .     Faith    .     (shield currently unavailable)
rPois  .         Spirit   .     c - +0 hat
rElec  .         Reflect  .     b - +0 cloak
rCorr  .         Harm     .     F - +0 pair of gloves (curse)
MR     +....                    e - +0 pair of boots
Stlth  ..........               (no amulet)
                                (no ring)
                                u - ring of protection from magic

@: lethally poisoned (0 -> -3)
A: retaliatory headbutt, horns 2, agile 1, high mp 1, strong 1
a: Curse Item, Scrying, Renounce Religion


You were on level 5 of the Dungeon.
You worshipped Ashenzari.
Ashenzari was aware of your devotion.
You were not hungry.

You visited 2 branches of the dungeon, and saw 6 of its levels.

You collected 164 gold pieces.

Inventory:

Hand Weapons
 a - a cursed +1 quarterstaff (weapon)
Missiles
 d - 4 throwing nets (quivered)
Armour
 b - a +0 cloak (worn)
 c - a +0 hat (worn)
 e - a +0 pair of boots (worn)
 g - a +0 chain mail
 j - a +2 buckler
 v - a cursed -2 chain mail (worn)
 F - a cursed +0 pair of gloves (worn)
Jewellery
 q - an uncursed amulet of magic regeneration
 u - a ring of protection from magic (left hand)
Wands
 B - a wand of iceblast (9/15)
Scrolls
 m - 5 scrolls of identify
 o - a scroll of recharging {unknown}
 p - 4 scrolls of amnesia {unknown}
 r - 3 scrolls of remove curse
 t - a scroll of enchant weapon
 w - a scroll of random uselessness {unknown}
 x - 3 scrolls of fear {unknown}
 y - 2 scrolls of enchant armour {unknown}
 A - a scroll of magic mapping {unknown}
 C - a scroll of teleportation {unknown}
 D - a scroll of fog {unknown}
Potions
 h - 2 potions of curing
 i - 3 potions of cancellation
 k - a potion of degeneration
 E - 2 potions of brilliance {unknown}
Comestibles
 f - 3 bread rations
 l - 2 fruits
 n - a slice of pizza
 s - a chunk of flesh
 z - 2 royal jellies
 G - a meat ration


   Skills:
 + Level 5.5 Fighting
 * Level 7.3 Staves
 - Level 2.0 Throwing
 + Level 4.2 Armour
 + Level 5.2 Dodging


You had 6 spell levels left.
You didn't know any spells.

Dungeon Overview and Level Annotations

Branches:
Dungeon (5/15)             Temple (1/1) D:4

Altars:
Ashenzari
Cheibriados
Fedhas
Gozag
Hepliaklqana
Kikubaaqudgha
Makhleb
Nemelex Xobeh
Okawaru
Qazlal
Ru
Trog
Uskayaw
Vehumet
The Shining One
Lugonu


Innate Abilities, Weirdness & Mutations

You reflexively headbutt those who attack you in melee.
You have a pair of horns on your head.
You are agile. (Dex +2)
You have an increased reservoir of magic. (+10% MP)
Your muscles are strong. (Str +2)


Message History

The worker ant is severely wounded.
The worker ant bites you but does no damage.
You barely miss the worker ant.
The worker ant is severely wounded.
The worker ant bites you but does no damage.
The ogre hits you with a giant spiked club!!
You closely miss the worker ant.
The worker ant is heavily wounded.
The worker ant misses you.
The ogre hits you with a giant spiked club!!
* * * LOW HITPOINT WARNING * * *
The worker ant bites you.
* * * LOW HITPOINT WARNING * * *
You are lethally poisoned!
The worker ant poisons you!
* * * LOW HITPOINT WARNING * * *
You feel sick.
* * * LOW HITPOINT WARNING * * *
You feel sick.
You die...

##........## ###.###...##..
##.####....###...##.........
.................#.......♣..
..........#....#............
..........#.#####..........♣
####......#.# #..........
..##......#.# ####......♣..
...#........####..aO........
...#......(.....@#..†...#...
..........########......#
...#......# ##>....#
...#......# ##...##
..##......# #####
####.....## .......(##
#########


You could see an ogre and a worker ant.

Vanquished Creatures
  The ghost of NicuTudor the Twirler, an amateur GrGl (D:4)
  A phantom (D:4)
  An ogre (D:4)
  A necrophage (D:5)
  Blork the orc (D:4)
  A killer bee (D:4)
  A crimson imp (D:5)
  2 hounds
  2 orc wizards (D:3)
  A killer bee zombie (D:5)
  The ghost of maratxanda the Grave Robber, a weakling HuNe (D:3)
  5 adders
  2 gnolls (D:4)
  An ooze (D:3)
  2 worms (D:2)
  3 dart slugs
  3 leopard geckos
  8 orcs
  4 bats
  3 giant cockroaches
  3 goblins
  8 hobgoblins
  6 jackals (D:4)
  6 quokkas
  2 ball pythons (D:1)
  5 frilled lizards
  A giant cockroach zombie (D:5)
  A jackal skeleton (D:5)
  6 kobolds
  10 rats
92 creatures vanquished.

Notes
Turn   | Place    | Note
-------+----------+-------------------------------------------
     0 | D:1      | sankara the Minotaur Gladiator began the quest for the Orb.
     0 | D:1      | Reached XP level 1. HP: 18/18 MP: 0/0
   138 | D:1      | Reached skill level 1 in Armour
   151 | D:1      | Reached XP level 2. HP: 25/25 MP: 1/1
   690 | D:2      | Reached skill level 4 in Staves
   690 | D:2      | Reached XP level 3. HP: 30/30 MP: 2/2
   709 | D:2      | Found a radiant altar of Vehumet.
  1117 | D:2      | Found a hide-covered altar of Uskayaw.
  1119 | D:2      | Found an iron altar of Okawaru.
  1124 | D:2      | Found a blossoming altar of Fedhas.
  1125 | D:2      | Found a shattered altar of Ashenzari.
  1126 | D:2      | Found a snail-covered altar of Cheibriados.
  1127 | D:2      | Found a hazy altar of Hepliaklqana.
  1139 | D:2      | Became a worshipper of Ashenzari the Shackled
  1450 | D:3      | Noticed maratxanda's ghost (weakling HuNe)
  1761 | D:3      | Killed maratxanda's ghost
  1761 | D:3      | Reached XP level 4. HP: 28/38 MP: 3/3
  1769 | D:3      | Reached skill level 5 in Staves
  1871 | D:3      | Reached XP level 5. HP: 45/45 MP: 4/4
  2081 | D:4      | Found a stormy altar of Qazlal.
  2121 | D:4      | Found a staircase to the Ecumenical Temple.
  2130 | D:4      | Noticed a phantom
  2150 | D:4      | Killed a phantom
  2150 | D:4      | Reached XP level 6. HP: 38/52 MP: 5/5
  2295 | D:4      | Noticed Blork the orc
  2304 | D:4      | Killed Blork the orc
  2304 | D:4      | Reached skill level 6 in Staves
  2377 | D:4      | Reached * piety under Ashenzari
  2377 | D:4      | Noticed NicuTudor's ghost (amateur GrGl)
  2379 | D:4      | Gained mutation: You have an increased reservoir of magic. (+10% MP) [potion of mutation]
  2379 | D:4      | Gained mutation: You are agile. (Dex +2) [potion of mutation]
  2379 | D:4      | Gained mutation: Your muscles are strong. (Str +2) [potion of mutation]
  2411 | D:4      | Killed NicuTudor's ghost
  2622 | D:4      | Reached XP level 7. HP: 47/60 MP: 6/6
  2774 | D:4      | Reached skill level 5 in Fighting
  2809 | D:4      | Reached skill level 5 in Dodging
  2815 | Temple   | Entered the Ecumenical Temple
  2931 | D:5      | Entered Level 5 of the Dungeon
  2944 | D:5      | Found a stormy altar of Qazlal.
  2999 | D:5      | Reached skill level 7 in Staves
  3017 | D:5      | Found a sparkling altar of Nemelex Xobeh.
  3116 | D:5      | HP: 3/60 [worker ant (3)]
  3118 | D:5      | HP: 1/60 [poisoned by a worker ant]
  3120 | D:5      | Succumbed to a worker ant's poison

Skill      XL: |  1  2  3  4  5  6  7 |
---------------+----------------------+-----
Armour         | 1 2 3 4 |  4.2
Staves         | 4 5 6 7 |  7.3
Fighting       | 3 4 5 |  5.5
Dodging        | 4 5 |  5.2
Throwing       | |  2.0

Action                   |  1- 3 |  4- 6 |  7- 9 || total
-------------------------+-------+-------+-------++-------
Melee: Quarterstaff      |    83 |   126 |    42 ||   251
       Headbutt          |    12 |    18 |     4 ||    34
Invok: Curse Item        |     1 |       |       ||     1
  Use: Scroll            |     2 |       |       ||     2
       Potion            |     2 |     4 |       ||     6
  Eat: Chunk             |     2 |     4 |     1 ||     7
Armor: Scale mail        |    18 |       |       ||    18
       Leather armour    |     1 |       |       ||     1
       Chain mail        |    61 |    50 |    19 ||   130
Dodge: Dodged            |    55 |    58 |    20 ||   133
